TOP OF THE 1ST |
Kingston Iguanas batting - Pitching for Mt Pleasant Bearcats : RHP Curt Howard
|
Pitching: RHP Curt Howard
|
|
Batting: RHB Ken MacDonald
|
0-0: Ball 1-0: Fly out, F8 (Flyball, 8LM)
|
Batting: LHB Mike Godfrey
|
0-0: Ball 1-0: Ball 2-0: Called Strike 2-1: Foul Ball, location: 2F 2-2: Ball 3-2: Base on Balls
|
Batting: RHB Luis Aguilar
|
0-0: Ball 1-0: Ball 2-0: Ball 3-0: Base on Balls Mike Godfrey to second
|
Batting: RHB Diego Francisco
|
0-0: Ball 1-0: Ball 2-0: Called Strike 2-1: Ball 3-1: Foul Ball, location: 2F 3-2: Strikes out looking
|
Batting: LHB Tom Young
|
0-0: Ball 1-0: Called Strike 1-1: Foul Ball, location: 2F 1-2: Ball 2-2: Foul Ball, location: 2F 2-2: Strikes out swinging
|
Top of the 1st over - 0 run(s), 0 hit(s), 0 error(s), 2 left on base; Kingston 0 - Mt Pleasant 0 |
BOTTOM OF THE 1ST |
Mt Pleasant Bearcats batting - Pitching for Kingston Iguanas : RHP Matt Nance
|
Pitching: RHP Matt Nance
|
|
Batting: RHB Yasutoki Kojima
|
0-0: Ball 1-0: Foul Ball, location: 2F 1-1: Ball 2-1: Foul Ball, location: 2F 2-2: Foul Ball, location: 2F 2-2: Strikes out swinging
|
Batting: RHB Ryosei Yamamoto
|
0-0: Foul Ball, location: 2F 0-1: Ball 1-1: Foul Ball, location: 2F 1-2: Foul Ball, location: 2F 1-2: Foul Ball, location: 2F 1-2: Foul Ball, location: 2F 1-2: Ball 2-2: SINGLE (Line Drive, 56D)
|
Batting: RHB Ramiro Chávez
|
0-0: Ball Ryosei Yamamoto is caught stealing 2nd base 1-0: Called Strike 1-1: Swinging Strike 1-2: Fly out, F3 (Popup, 23)
|
Bottom of the 1st over - 0 run(s), 1 hit(s), 0 error(s), 0 left on base; Kingston 0 - Mt Pleasant 0 |
TOP OF THE 2ND |
Kingston Iguanas batting - Pitching for Mt Pleasant Bearcats : RHP Curt Howard
|
Batting: LHB Will Holt
|
0-0: Ball 1-0: Ball 2-0: Called Strike 2-1: Ground out 4-3 (Groundball, 4M)
|
Batting: LHB Poto Vasilini
|
0-0: Foul Ball, location: 2F 0-1: Foul Ball, location: 2F 0-2: Ball 1-2: Ball 2-2: Ground out 4-3 (Groundball, 34)
|
Batting: RHB Tim Davis
|
0-0: Swinging Strike 0-1: Ball 1-1: Foul Ball, location: 2F 1-2: Foul Ball, location: 2F 1-2: Ball 2-2: Foul Ball, location: 2F 2-2: Ground out 5-3 (Groundball, 5)
|
Top of the 2nd over - 0 run(s), 0 hit(s), 0 error(s), 0 left on base; Kingston 0 - Mt Pleasant 0 |
BOTTOM OF THE 2ND |
Mt Pleasant Bearcats batting - Pitching for Kingston Iguanas : RHP Matt Nance
|
Batting: RHB Patrick Potts
|
0-0: Ball 1-0: Ball 2-0: Ground out 4-3 (Groundball, 34)
|
Batting: RHB Ichizo Akiyama
|
0-0: Called Strike 0-1: Hit by Pitch
|
Batting: RHB Chris Jones
|
0-0: Ball 1-0: Ball 2-0: Ball 3-0: Called Strike 3-1: Called Strike 3-2: Foul Ball, location: 2F 3-2: Base on Balls Ichizo Akiyama to second
|
Batting: RHB Ricardo Salazar
|
0-0: Ball 1-0: Ball 2-0: Foul Ball, location: 2F 2-1: Grounds into double play, 3-6-3 (Groundball, 3)
|
Bottom of the 2nd over - 0 run(s), 0 hit(s), 0 error(s), 1 left on base; Kingston 0 - Mt Pleasant 0 |
TOP OF THE 3RD |
Kingston Iguanas batting - Pitching for Mt Pleasant Bearcats : RHP Curt Howard
|
Batting: LHB Juan Romero
|
0-0: Ball 1-0: Ball 2-0: Fly out, F3 (Line Drive, 3)
|
Batting: RHB Ken MacDonald
|
0-0: Foul Ball, location: 2F 0-1: Ground out 6-3 (Groundball, 6)
|
Batting: LHB Mike Godfrey
|
0-0: Ball 1-0: Foul Ball, location: 2F 1-1: Ball 2-1: Ball 3-1: Foul Ball, location: 2F 3-2: Foul Ball, location: 2F 3-2: SINGLE (Groundball, 6MD)
|
Batting: RHB Luis Aguilar
|
0-0: Called Strike 0-1: Swinging Strike 0-2: Ball 1-2: Strikes out swinging
|
Top of the 3rd over - 0 run(s), 1 hit(s), 0 error(s), 1 left on base; Kingston 0 - Mt Pleasant 0 |
BOTTOM OF THE 3RD |
Mt Pleasant Bearcats batting - Pitching for Kingston Iguanas : RHP Matt Nance
|
Batting: RHB Martín Pérez
|
0-0: Ball 1-0: Foul Ball, location: 2F 1-1: Ball 2-1: Swinging Strike 2-2: Fly out, F9 (Flyball, 89M)
|
Batting: RHB Jeffrey Hicks
|
0-0: Ball 1-0: Foul Ball, location: 2F 1-1: Ground out 5-3 (Groundball, 5L)
|
Batting: RHB Yasutoki Kojima
|
0-0: Ball 1-0: Called Strike 1-1: Called Strike 1-2: Foul Ball, location: 2F 1-2: TRIPLE (Line Drive, 9LS)
|
Batting: RHB Ryosei Yamamoto
|
0-0: Called Strike 0-1: Called Strike 0-2: Fly out, F6 (Popup, 8LS)
|
Bottom of the 3rd over - 0 run(s), 1 hit(s), 0 error(s), 1 left on base; Kingston 0 - Mt Pleasant 0 |
TOP OF THE 4TH |
Kingston Iguanas batting - Pitching for Mt Pleasant Bearcats : RHP Curt Howard
|
Batting: RHB Diego Francisco
|
0-0: Called Strike 0-1: Ball 1-1: Ball 2-1: Called Strike 2-2: Ground out 6-3 (Groundball, 6MS)
|
Batting: LHB Tom Young
|
0-0: Called Strike 0-1: Swinging Strike 0-2: Ball 1-2: Strikes out swinging
|
Batting: LHB Will Holt
|
0-0: Ground out 1-3 (Groundball, 15)
|
Top of the 4th over - 0 run(s), 0 hit(s), 0 error(s), 0 left on base; Kingston 0 - Mt Pleasant 0 |
BOTTOM OF THE 4TH |
Mt Pleasant Bearcats batting - Pitching for Kingston Iguanas : RHP Matt Nance
|
Batting: RHB Ramiro Chávez
|
0-0: Called Strike 0-1: Ball 1-1: SINGLE (Groundball, 56D)
|
Batting: RHB Patrick Potts
|
0-0: Ball 1-0: Ball 2-0: Foul Ball, location: 2F 2-1: Ball 3-1: Swinging Strike 3-2: Strikes out looking
|
Batting: RHB Ichizo Akiyama
|
0-0: Ball 1-0: Ball 2-0: Ball 3-0: Base on Balls Ramiro Chávez to second
|
Batting: RHB Chris Jones
|
0-0: SINGLE (Line Drive, 34D) Ramiro Chávez to third Ichizo Akiyama to second
|
Batting: RHB Ricardo Salazar
|
0-0: Ball 1-0: Ball 2-0: Called Strike 2-1: Swinging Strike 2-2: Ball 3-2: Foul Ball, location: 2F 3-2: Foul Ball, location: 2F 3-2: Fly out, F8 (Flyball, 89M) Runner from 3rd tags up, SCORES, throw made
|
Batting: RHB Martín Pérez
|
0-0: Ball 1-0: Ball 2-0: Called Strike 2-1: Foul Ball, location: 2F 2-2: Strikes out looking
|
Bottom of the 4th over - 1 run(s), 2 hit(s), 0 error(s), 2 left on base; Kingston 0 - Mt Pleasant 1 |
TOP OF THE 5TH |
Kingston Iguanas batting - Pitching for Mt Pleasant Bearcats : RHP Curt Howard
|
Batting: LHB Poto Vasilini
|
0-0: Ground out 5-3 (Groundball, 5S)
|
Batting: RHB Tim Davis
|
0-0: Foul Ball, location: 2F 0-1: Foul Ball, location: 2F 0-2: Ball 1-2: Foul Ball, location: 2F 1-2: Ball 2-2: Ball 3-2: Strikes out swinging
|
Batting: LHB Juan Romero
|
0-0: Foul Ball, location: 2F Reached via error on a dropped throw, E1
|
Batting: RHB Ken MacDonald
|
0-0: Called Strike 0-1: Ball 1-1: Ball 2-1: Fly out, F8 (Flyball, 8LM)
|
Top of the 5th over - 0 run(s), 0 hit(s), 1 error(s), 1 left on base; Kingston 0 - Mt Pleasant 1 |
BOTTOM OF THE 5TH |
Mt Pleasant Bearcats batting - Pitching for Kingston Iguanas : RHP Matt Nance
|
Batting: RHB Jeffrey Hicks
|
0-0: Ball 1-0: Called Strike 1-1: Bunt for hit - play at first, batter safe!
|
Batting: RHB Yasutoki Kojima
|
0-0: Fielders Choice at 2nd, U6 (Groundball, 6M)
|
Batting: RHB Ryosei Yamamoto
|
0-0: Fly out, F9 (Flyball, 89M)
|
Batting: RHB Ramiro Chávez
|
0-0: Fly out, F1 (Popup, 25)
|
Bottom of the 5th over - 0 run(s), 1 hit(s), 0 error(s), 1 left on base; Kingston 0 - Mt Pleasant 1 |
TOP OF THE 6TH |
Kingston Iguanas batting - Pitching for Mt Pleasant Bearcats : RHP Curt Howard
|
Batting: LHB Mike Godfrey
|
0-0: Called Strike 0-1: Ball 1-1: Ball 2-1: SINGLE (Groundball, 4MD)
|
Batting: RHB Luis Aguilar
|
0-0: Ball 1-0: Ball 2-0: Foul Ball, location: 2F 2-1: Swinging Strike 2-2: Strikes out swinging
|
Pitching: LHP León Hernández
|
|
Batting: RHB Diego Francisco
|
0-0: Swinging Strike 0-1: Ball 1-1: Ball 2-1: Ball 3-1: Base on Balls Mike Godfrey to second
|
Batting: LHB Tom Young
|
0-0: Called Strike 0-1: Swinging Strike 0-2: Strikes out swinging
|
Batting: LHB Will Holt
|
0-0: Called Strike 0-1: Fly out, F7 (Flyball, 78S)
|
Top of the 6th over - 0 run(s), 1 hit(s), 0 error(s), 2 left on base; Kingston 0 - Mt Pleasant 1 |
BOTTOM OF THE 6TH |
Mt Pleasant Bearcats batting - Pitching for Kingston Iguanas : RHP Matt Nance
|
Pitching: RHP Robert Alexander
|
|
Batting: RHB Patrick Potts
|
0-0: Called Strike 0-1: Ball 1-1: Foul Ball, location: 2F 1-2: Ground out 5-3 (Groundball, 56)
|
Batting: RHB Ichizo Akiyama
|
0-0: Ball 1-0: Swinging Strike 1-1: Ball 2-1: Ball 3-1: Called Strike 3-2: Base on Balls
|
Batting: RHB Chris Jones
|
0-0: Ball 1-0: Foul Ball, location: 2F 1-1: Ball 2-1: Foul Ball, location: 2F 2-2: Foul Ball, location: 2F 2-2: Strikes out swinging
|
Batting: RHB Ricardo Salazar
|
0-0: Ball 1-0: Foul Ball, location: 2F 1-1: Foul Ball, location: 2F 1-2: Strikes out swinging
|
Bottom of the 6th over - 0 run(s), 0 hit(s), 0 error(s), 1 left on base; Kingston 0 - Mt Pleasant 1 |
TOP OF THE 7TH |
Kingston Iguanas batting - Pitching for Mt Pleasant Bearcats : LHP León Hernández
|
Batting: LHB Poto Vasilini
|
0-0: Called Strike 0-1: Ground out 6-3 (Groundball, 6)
|
Batting: RHB Tim Davis
|
0-0: Fly out, F2 (Popup, 2RF)
|
Batting: LHB Juan Romero
|
0-0: Ball 1-0: Swinging Strike 1-1: SINGLE (Groundball, 4MD)
|
Pinch Hitting: RHB Soshu Nakamura
|
0-0: Ball 1-0: Ball 2-0: Called Strike 2-1: Called Strike 2-2: Reached on error, E4 (Groundball, 13) Juan Romero to third
|
Batting: LHB Mike Godfrey
|
0-0: Called Strike 0-1: Ball 1-1: Swinging Strike 1-2: Foul Ball, location: 2F 1-2: Foul Ball, location: 2F 1-2: Strikes out swinging
|
Top of the 7th over - 0 run(s), 1 hit(s), 1 error(s), 2 left on base; Kingston 0 - Mt Pleasant 1 |
BOTTOM OF THE 7TH |
Mt Pleasant Bearcats batting - Pitching for Kingston Iguanas : RHP Robert Alexander
|
Now at SS: Soshu Nakamura
|
|
Batting: RHB Martín Pérez
|
0-0: DOUBLE (Line Drive, 9LM)
|
Pinch Hitting: LHB Robert Moore
|
0-0: Intentional Walk
|
Batting: RHB Yasutoki Kojima
|
0-0: Ball 1-0: Bunt missed! 1-1: Bunted foul 1-2: Ball 2-2: Ball 3-2: Strikes out swinging
|
Batting: RHB Ryosei Yamamoto
|
0-0: Ball 1-0: Ball 2-0: Ball 3-0: Called Strike 3-1: Called Strike 3-2: Fly out, F9 (Line Drive, 9M)
|
Pinch Hitting: LHB Colm Massey
|
0-0: Ground out 4-3 (Groundball, 4)
|
Bottom of the 7th over - 0 run(s), 1 hit(s), 0 error(s), 2 left on base; Kingston 0 - Mt Pleasant 1 |
TOP OF THE 8TH |
Kingston Iguanas batting - Pitching for Mt Pleasant Bearcats : LHP León Hernández
|
Pitching: LHP José Chávez
|
|
Now at 2B: Colm Massey
|
|
Now in RF: Carlos Luna
|
|
Batting: RHB Luis Aguilar
|
0-0: Ball 1-0: Ball 2-0: Ball 3-0: Called Strike 3-1: Base on Balls
|
Pitching: RHP Troy Parker
|
|
Batting: RHB Diego Francisco
|
0-0: Ball 1-0: Swinging Strike 1-1: Foul Ball, location: 2F 1-2: Strikes out swinging
|
Pinch Hitting: LHB Dave Gordon
|
0-0: Foul Ball, location: 2F 0-1: Foul Ball, location: 2F 0-2: Ball 1-2: Ball 2-2: Grounds into double play, 2-6-3 (Groundball, 2L)
|
Top of the 8th over - 0 run(s), 0 hit(s), 0 error(s), 0 left on base; Kingston 0 - Mt Pleasant 1 |
BOTTOM OF THE 8TH |
Mt Pleasant Bearcats batting - Pitching for Kingston Iguanas : RHP Robert Alexander
|
Pitching: RHP Guo-fang Juan
|
|
Now in CF: Mike Johnson
|
|
Batting: RHB Patrick Potts
|
0-0: SINGLE (Groundball, 34)
|
Pinch Hitting: SHB Roberto Rivera
|
0-0: Ball 1-0: Called Strike 1-1: Foul Ball, location: 2F 1-2: Foul Ball, location: 2F 1-2: Strikes out looking
|
Batting: RHB Chris Jones
|
0-0: Ball 1-0: Called Strike 1-1: Ball 2-1: Ball 3-1: Base on Balls Patrick Potts to second
|
Batting: RHB Ricardo Salazar
|
0-0: Ball 1-0: SINGLE (Groundball, 13) (infield hit) Patrick Potts to third Chris Jones to second
|
Pinch Hitting: RHB Irving Galloway
|
0-0: Ball 1-0: Ball 2-0: Called Strike 2-1: Ball 3-1: Foul Ball, location: 2F 3-2: Ground out 5-3 (Groundball, 5S) Patrick Potts scores Chris Jones to third Ricardo Salazar to second
|
Pinch Hitting: SHB William Hamilton
|
0-0: Called Strike 0-1: Ball 1-1: Ball 2-1: Foul Ball, location: 2F 2-2: Ball 3-2: Ground out 5-3 (Groundball, 5S)
|
Bottom of the 8th over - 1 run(s), 2 hit(s), 0 error(s), 2 left on base; Kingston 0 - Mt Pleasant 2 |
TOP OF THE 9TH |
Kingston Iguanas batting - Pitching for Mt Pleasant Bearcats : RHP Troy Parker
|
Pitching: RHP Sancho Mendoza
|
|
Now at 2B: Irving Galloway
|
|
Now at 3B: William Hamilton
|
|
Now at SS: Fernando Pérez
|
|
Batting: LHB Will Holt
|
0-0: Ball 1-0: SINGLE (Flyball, 7S)
|
Batting: LHB Poto Vasilini
|
0-0: Ball 1-0: Called Strike 1-1: Ball 2-1: DOUBLE (Flyball, 8LM) Will Holt to third
|
Pinch Runner at 2nd Steve Davis:
|
|
Batting: RHB Tim Davis
|
0-0: Called Strike 0-1: Foul Ball, location: 2F 0-2: Strikes out looking
|
Batting: LHB Juan Romero
|
0-0: Ball 1-0: Called Strike 1-1: Called Strike 1-2: Ball 2-2: Ground out U3 (Groundball, 3L)
|
Batting: RHB Soshu Nakamura
|
0-0: Ground out 6-3 (Groundball, 6)
|
Top of the 9th over - 0 run(s), 2 hit(s), 0 error(s), 2 left on base; Kingston 0 - Mt Pleasant 2 |
|